TOP OF THE 1ST |
Mississippi Rebels batting - Pitching for Oklahoma Sooners : RHP Frank Simmons
|
Pitching: RHP Frank Simmons
|
|
Batting: RHB Rafael Gonzáles
|
0-0: Called Strike 0-1: Called Strike 0-2: Ball 1-2: Foul Ball, location: 2F 1-2: Strikes out swinging
|
Batting: LHB Ryan Miller
|
0-0: Foul Ball, location: 2F 0-1: Swinging Strike 0-2: Foul Ball, location: 2F 0-2: Ball 1-2: Ball 2-2: Strikes out swinging
|
Batting: RHB Lou Hammond
|
0-0: Called Strike 0-1: Foul Ball, location: 2F 0-2: Foul Ball, location: 2F 0-2: Ball 1-2: Fly out, F9 (Flyball, 9S)
|
Top of the 1st over - 0 run(s), 0 hit(s), 0 error(s), 0 left on base; Mississippi 0 - Oklahoma 0 |
BOTTOM OF THE 1ST |
Oklahoma Sooners batting - Pitching for Mississippi Rebels : RHP Ken Crawford
|
Pitching: RHP Ken Crawford
|
|
Batting: LHB Larry Wright
|
0-0: Bunt missed! 0-1: Called Strike 0-2: Ball 1-2: Ball 2-2: Ball 3-2: Base on Balls
|
Batting: SHB Allen King
|
0-0: Fly out, F7 (Flyball, 78S)
|
Batting: RHB Rafael Barajas
|
0-0: Ball Larry Wright steals 2nd base 1-0: Foul Ball, location: 2F 1-1: Swinging Strike 1-2: Foul Ball, location: 2F 1-2: Strikes out swinging
|
Batting: RHB Albert Morán
|
0-0: Ball 1-0: Swinging Strike 1-1: Ball 2-1: Foul Ball, location: 2F 2-2: Strikes out swinging
|
Bottom of the 1st over - 0 run(s), 0 hit(s), 0 error(s), 1 left on base; Mississippi 0 - Oklahoma 0 |
TOP OF THE 2ND |
Mississippi Rebels batting - Pitching for Oklahoma Sooners : RHP Frank Simmons
|
Batting: RHB Jason McIntosh
|
0-0: Ball 1-0: Ground out 4-3 (Groundball, 4)
|
Batting: RHB Simon Lee
|
0-0: Hit by Pitch
|
Batting: RHB John Eaves
|
0-0: Swinging Strike 0-1: Called Strike 0-2: Ball Wild Pitch! Simon Lee to second 1-2: Ball 2-2: Ball 3-2: Base on Balls
|
Batting: RHB Warren Owens
|
0-0: Ball 1-0: Ball 2-0: Ball 3-0: Called Strike 3-1: Base on Balls Simon Lee to third John Eaves to second
|
Batting: RHB Leonard Martínez
|
0-0: Called Strike 0-1: Foul Ball, location: 2F 0-2: Strikes out swinging
|
Batting: SHB Jack Hendrix
|
0-0: Ball 1-0: Foul Ball, location: 2F 1-1: Ball 2-1: Ball 3-1: Fly out, F2 (Popup, 3S)
|
Top of the 2nd over - 0 run(s), 0 hit(s), 0 error(s), 3 left on base; Mississippi 0 - Oklahoma 0 |
BOTTOM OF THE 2ND |
Oklahoma Sooners batting - Pitching for Mississippi Rebels : RHP Ken Crawford
|
Batting: LHB Tristan Sims
|
0-0: Ball 1-0: Ground out U3 (Groundball, 34)
|
Batting: RHB Andrés Macíal
|
0-0: Called Strike 0-1: Ball 1-1: Foul Ball, location: 2F 1-2: Ball 2-2: Foul Ball, location: 2F 2-2: Strikes out swinging
|
Batting: RHB Martín Rodríguez
|
0-0: Called Strike 0-1: Ball 1-1: Foul Ball, location: 2F 1-2: Ground out 4-3 (Groundball, 4)
|
Bottom of the 2nd over - 0 run(s), 0 hit(s), 0 error(s), 0 left on base; Mississippi 0 - Oklahoma 0 |
TOP OF THE 3RD |
Mississippi Rebels batting - Pitching for Oklahoma Sooners : RHP Frank Simmons
|
Batting: RHB Rafael Gonzáles
|
0-0: Called Strike 0-1: Foul Ball, location: 2F 0-2: Strikes out swinging
|
Batting: LHB Ryan Miller
|
0-0: Ball 1-0: Swinging Strike 1-1: Foul Ball, location: 2F 1-2: Strikes out swinging
|
Batting: RHB Lou Hammond
|
0-0: Foul Ball, location: 2F 0-1: Ball 1-1: Foul Ball, location: 2F 1-2: Foul Ball, location: 2F 1-2: Ball 2-2: Ball 3-2: Strikes out swinging
|
Top of the 3rd over - 0 run(s), 0 hit(s), 0 error(s), 0 left on base; Mississippi 0 - Oklahoma 0 |
BOTTOM OF THE 3RD |
Oklahoma Sooners batting - Pitching for Mississippi Rebels : RHP Ken Crawford
|
Batting: SHB José Rojas
|
0-0: Ball 1-0: Ball 2-0: Ball 3-0: Called Strike 3-1: Base on Balls
|
Batting: RHB Elliott Crouch
|
0-0: Ball 1-0: Ball 2-0: Ball 3-0: Base on Balls José Rojas to second
|
Pitching: LHP Paul Hart
|
|
Batting: LHB Larry Wright
|
0-0: Foul Ball, location: 2F 0-1: Ball 1-1: Ball 2-1: Fly out, F8 (Flyball, 8LS)
|
Batting: SHB Allen King
|
0-0: Called Strike 0-1: Ball 1-1: Fly out, F9 (Flyball, 9S)
|
Pitching: RHP Chris Roy
|
|
Batting: RHB Rafael Barajas
|
0-0: Fly out, F8 (Flyball, 8LS)
|
Bottom of the 3rd over - 0 run(s), 0 hit(s), 0 error(s), 2 left on base; Mississippi 0 - Oklahoma 0 |
TOP OF THE 4TH |
Mississippi Rebels batting - Pitching for Oklahoma Sooners : RHP Frank Simmons
|
Batting: RHB Jason McIntosh
|
0-0: Ball 1-0: SINGLE (Flyball, 78S)
|
Batting: RHB Simon Lee
|
0-0: Ball 1-0: Ball 2-0: Called Strike 2-1: Foul Ball, location: 2F 2-2: Ball 3-2: Base on Balls Jason McIntosh to second
|
Batting: RHB John Eaves
|
0-0: Ball 1-0: Ball 2-0: Foul Ball, location: 2F 2-1: Swinging Strike 2-2: SINGLE (Groundball, 5D) Jason McIntosh to third Simon Lee to second Throwing error, E7 Jason McIntosh scores Simon Lee to third John Eaves to second
|
Batting: RHB Warren Owens
|
0-0: Fly out, F7 (Line Drive, 7) Runner from 3rd tags up, SCORES, throw made
|
Batting: RHB Leonard Martínez
|
0-0: Ball 1-0: Called Strike 1-1: Ball 2-1: SINGLE (Groundball, 6MD) John Eaves to third Runner from 3rd tries for Home, throw and OUT!
|
Batting: SHB Jack Hendrix
|
0-0: Called Strike 0-1: Fly out, F8 (Line Drive, 8LS)
|
Top of the 4th over - 2 run(s), 3 hit(s), 1 error(s), 1 left on base; Mississippi 2 - Oklahoma 0 |
BOTTOM OF THE 4TH |
Oklahoma Sooners batting - Pitching for Mississippi Rebels : RHP Chris Roy
|
Batting: RHB Albert Morán
|
0-0: Called Strike 0-1: Foul Ball, location: 2F 0-2: Ball 1-2: SINGLE (Groundball, 6MD)
|
Batting: LHB Tristan Sims
|
0-0: Ball 1-0: Ball 2-0: Called Strike 2-1: Swinging Strike 2-2: Strikes out swinging
|
Pitching: RHP John MacHendry
|
|
Batting: RHB Andrés Macíal
|
0-0: Ball 1-0: Called Strike 1-1: Foul Ball, location: 2F 1-2: Ball 2-2: Strikes out swinging
|
Batting: RHB Martín Rodríguez
|
0-0: DOUBLE (Flyball, 78D) Albert Morán to third Runner from 3rd tries for Home, SAFE, no throw
|
Pitching: RHP Jim Major
|
|
Batting: SHB José Rojas
|
0-0: Ball 1-0: Ball 2-0: Fly out, F7 (Flyball, 78M)
|
Bottom of the 4th over - 1 run(s), 2 hit(s), 0 error(s), 1 left on base; Mississippi 2 - Oklahoma 1 |
TOP OF THE 5TH |
Mississippi Rebels batting - Pitching for Oklahoma Sooners : RHP Frank Simmons
|
Batting: RHB Rafael Gonzáles
|
0-0: Swinging Strike 0-1: Swinging Strike 0-2: Ball 1-2: Foul Ball, location: 2F 1-2: Strikes out swinging
|
Batting: LHB Ryan Miller
|
0-0: Called Strike 0-1: DOUBLE (Line Drive, 8LM) - OUT at third base trying to stretch hit.
|
Batting: RHB Lou Hammond
|
0-0: Called Strike 0-1: Ground out 5-3 (Groundball, 56S)
|
Top of the 5th over - 0 run(s), 1 hit(s), 0 error(s), 0 left on base; Mississippi 2 - Oklahoma 1 |
BOTTOM OF THE 5TH |
Oklahoma Sooners batting - Pitching for Mississippi Rebels : RHP Jim Major
|
Batting: RHB Elliott Crouch
|
0-0: Fly out, F1 (Line Drive, 15)
|
Batting: LHB Larry Wright
|
0-0: Swinging Strike 0-1: Called Strike 0-2: Ball 1-2: Foul Ball, location: 2F 1-2: Strikes out looking
|
Pitching: RHP Jake Seals
|
|
Batting: SHB Allen King
|
0-0: Ball 1-0: Called Strike 1-1: Foul Ball, location: 2F 1-2: Ball 2-2: Fly out, F7 (Line Drive, 78M)
|
Bottom of the 5th over - 0 run(s), 0 hit(s), 0 error(s), 0 left on base; Mississippi 2 - Oklahoma 1 |
TOP OF THE 6TH |
Mississippi Rebels batting - Pitching for Oklahoma Sooners : RHP Frank Simmons
|
Pitching: RHP Neil Adams
|
|
Batting: RHB Jason McIntosh
|
0-0: SINGLE (Groundball, 56D)
|
Batting: RHB Simon Lee
|
0-0: SINGLE (Line Drive, 78M) Jason McIntosh to second
|
Batting: RHB John Eaves
|
0-0: Called Strike 0-1: Ball 1-1: Foul Ball, location: 2F 1-2: Ball Balk! Jason McIntosh to third Simon Lee to second 2-2: Strikes out swinging
|
Batting: RHB Warren Owens
|
0-0: Ball 1-0: Ball 2-0: Fly out, F3 (Popup, 3)
|
Batting: RHB Leonard Martínez
|
0-0: Ball 1-0: Ball 2-0: Ball 3-0: Base on Balls
|
Batting: SHB Jack Hendrix
|
0-0: Ball 1-0: Ball 2-0: Ground out U3 (Groundball, 3)
|
Top of the 6th over - 0 run(s), 2 hit(s), 0 error(s), 3 left on base; Mississippi 2 - Oklahoma 1 |
BOTTOM OF THE 6TH |
Oklahoma Sooners batting - Pitching for Mississippi Rebels : RHP Jake Seals
|
Batting: RHB Rafael Barajas
|
0-0: Ground out 6-3 (Groundball, 56)
|
Batting: RHB Albert Morán
|
0-0: Called Strike 0-1: Ball 1-1: Called Strike 1-2: Strikes out swinging
|
Pitching: LHP Chris Pérez
|
|
Batting: LHB Tristan Sims
|
0-0: Called Strike 0-1: Ball 1-1: Foul Ball, location: 2F 1-2: Foul Ball, location: 2F 1-2: Strikes out swinging
|
Bottom of the 6th over - 0 run(s), 0 hit(s), 0 error(s), 0 left on base; Mississippi 2 - Oklahoma 1 |
TOP OF THE 7TH |
Mississippi Rebels batting - Pitching for Oklahoma Sooners : RHP Neil Adams
|
Batting: RHB Rafael Gonzáles
|
0-0: Called Strike 0-1: Ball 1-1: Called Strike 1-2: Foul Ball, location: 2F 1-2: Foul Ball, location: 2F 1-2: Ball 2-2: Foul Ball, location: 2F 2-2: SINGLE (Groundball, 6MD)
|
Batting: LHB Ryan Miller
|
0-0: Called Strike 0-1: Foul Ball, location: 2F 0-2: Foul Ball, location: 2F 0-2: Ball 1-2: Ball 2-2: Ball Wild Pitch! Rafael Gonzáles to second 3-2: Base on Balls
|
Batting: RHB Lou Hammond
|
0-0: Foul Ball, location: 2F 0-1: Ball 1-1: Ball 2-1: Called Strike 2-2: Ball 3-2: Foul Ball, location: 2F 3-2: Base on Balls Rafael Gonzáles to third Ryan Miller to second
|
Pitching: RHP Bob Pate
|
|
Batting: RHB Jason McIntosh
|
0-0: Ball 1-0: Ball 2-0: Called Strike 2-1: Fly out, F9 (Flyball, 9S)
|
Batting: RHB Simon Lee
|
0-0: Ball 1-0: Called Strike 1-1: Fly out, F8 (Line Drive, 8LS) Runner from 3rd tags up, SCORES, no throw
|
Pitching: RHP Casey Henry
|
|
Batting: RHB John Eaves
|
0-0: Fly out, F9 (Flyball, 9LMF)
|
Top of the 7th over - 1 run(s), 1 hit(s), 0 error(s), 2 left on base; Mississippi 3 - Oklahoma 1 |
BOTTOM OF THE 7TH |
Oklahoma Sooners batting - Pitching for Mississippi Rebels : LHP Chris Pérez
|
Batting: RHB Andrés Macíal
|
0-0: Swinging Strike 0-1: Foul Ball, location: 2F 0-2: Strikes out looking
|
Batting: RHB Martín Rodríguez
|
0-0: SOLO HOME RUN (Flyball, 7D), Distance : 364 ft
|
Batting: SHB José Rojas
|
0-0: Fly out, F9 (Flyball, 9S)
|
Batting: RHB Elliott Crouch
|
0-0: Ball 1-0: Foul Ball, location: 2F 1-1: Ground out 6-3 (Groundball, 6)
|
Bottom of the 7th over - 1 run(s), 1 hit(s), 0 error(s), 0 left on base; Mississippi 3 - Oklahoma 2 |
TOP OF THE 8TH |
Mississippi Rebels batting - Pitching for Oklahoma Sooners : RHP Casey Henry
|
Batting: RHB Warren Owens
|
0-0: Ball 1-0: SINGLE (Flyball, 78M)
|
Pitching: RHP Valentín Pérez
|
|
Batting: RHB Leonard Martínez
|
0-0: Sac Bunt - play at first, batter OUT! 1-3 Warren Owens to second
|
Pitching: RHP Ken Tabb
|
|
Batting: SHB Jack Hendrix
|
0-0: Called Strike 0-1: Ball 1-1: DOUBLE (Groundball, 3D) Warren Owens scores
|
Pitching: LHP Armando Durán
|
|
Batting: RHB Rafael Gonzáles
|
0-0: Called Strike 0-1: Ball 1-1: Ball 2-1: Foul Ball, location: 2F 2-2: Ball 3-2: Base on Balls
|
Batting: LHB Ryan Miller
|
0-0: Ball 1-0: Fly out, F7 (Flyball, 7)
|
Batting: RHB Lou Hammond
|
0-0: Swinging Strike 0-1: Called Strike 0-2: Ball 1-2: Strikes out swinging
|
Top of the 8th over - 1 run(s), 2 hit(s), 0 error(s), 2 left on base; Mississippi 4 - Oklahoma 2 |
BOTTOM OF THE 8TH |
Oklahoma Sooners batting - Pitching for Mississippi Rebels : LHP Chris Pérez
|
Batting: LHB Larry Wright
|
0-0: Foul Ball, location: 2F 0-1: Ball 1-1: Ball 2-1: Ball 3-1: Called Strike 3-2: Foul Ball, location: 2F 3-2: SOLO HOME RUN (Flyball, 9D), Distance : 366 ft
|
Batting: SHB Allen King
|
0-0: Ball 1-0: Called Strike 1-1: Fly out, F9 (Flyball, 9)
|
Batting: RHB Rafael Barajas
|
0-0: Called Strike 0-1: Ball 1-1: Ground out 5-3 (Groundball, 56)
|
Batting: RHB Albert Morán
|
0-0: SINGLE (Flyball, 8LS)
|
Batting: LHB Tristan Sims
|
0-0: Foul Ball, location: 2F 0-1: Swinging Strike 0-2: Ball 1-2: Ball 2-2: Strikes out looking
|
Bottom of the 8th over - 1 run(s), 2 hit(s), 0 error(s), 1 left on base; Mississippi 4 - Oklahoma 3 |
TOP OF THE 9TH |
Mississippi Rebels batting - Pitching for Oklahoma Sooners : LHP Armando Durán
|
Batting: RHB Jason McIntosh
|
0-0: Called Strike 0-1: Reached on error, E6 (Groundball, 6)
|
Batting: RHB Simon Lee
|
0-0: Intentional Walk
|
Batting: RHB John Eaves
|
0-0: Ball 1-0: Fly out, F4 (Line Drive, 4)
|
Batting: RHB Warren Owens
|
0-0: Ball Jason McIntosh is caught stealing 3rd base Simon Lee to second 1-0: Ball 2-0: Called Strike 2-1: Fly out, F4 (Flyball, 34D)
|
Top of the 9th over - 0 run(s), 0 hit(s), 1 error(s), 1 left on base; Mississippi 4 - Oklahoma 3 |
BOTTOM OF THE 9TH |
Oklahoma Sooners batting - Pitching for Mississippi Rebels : LHP Chris Pérez
|
Pinch Hitting: RHB Larry Smith
|
0-0: Called Strike 0-1: Ball 1-1: Called Strike 1-2: SINGLE (Groundball, 56D)
|
Batting: RHB Martín Rodríguez
|
0-0: Sac Bunt - play at first, batter OUT! 1-4 Larry Smith to second
|
Batting: SHB José Rojas
|
0-0: Ball 1-0: Ball 2-0: Ball 3-0: Base on Balls
|
Batting: RHB Elliott Crouch
|
0-0: Ball 1-0: Ball 2-0: Ball 3-0: Base on Balls Larry Smith to third José Rojas to second
|
Batting: LHB Larry Wright
|
0-0: Foul Ball, location: 2F 0-1: SINGLE (Line Drive, 7) Larry Smith scores José Rojas to third Elliott Crouch to second
|
Batting: SHB Allen King
|
0-0: Called Strike 0-1: Swinging Strike 0-2: Strikes out swinging
|
Batting: RHB Rafael Barajas
|
0-0: Called Strike 0-1: Ball 1-1: Foul Ball, location: 2F 1-2: Foul Ball, location: 2F 1-2: GRAND SLAM HOME RUN (Flyball, 78XD), Distance : 388 ft
|
Thursday, March 30th, 2017 - OOTP Baseball 17.12 Build 75
|
|